 Dungeon Crawl Stone Soup version 0.21-a0-525-ga34b322 (webtiles) character file.

1106 Amnesiac the Shooter (level 8, 0/60 HPs)
             Began as a Mummy Arcane Marksman on Dec 8, 2017.
             Was an Initiate of Okawaru.
             Killed from afar by an orc wizard (23 damage)
             ... with a wand of acid (5)
             ... on level 7 of the Dungeon.
             The game lasted 00:12:55 (6441 turns).

Amnesiac the Shooter (Mummy Arcane Marksman)        Turns: 6441, Time: 00:12:56

Health: 0/60       AC:  5    Str: 15    XL:     8   Next: 11%
Magic:  14/23      EV: 11    Int: 12    God:    Okawaru [......]
Gold:   288        SH:  0    Dex: 13    Spells: 5/15 levels left

rFire    . . .     SeeInvis .   e - +0 hand crossbow
rCold    + . .     Gourm    .   (no shield)
rNeg     + + +     Faith    .   x - +3 ring mail
rPois    ∞         Spirit   .   (no helmet)
rElec    .         Reflect  .   f - +0 cloak
rCorr    .         Harm     .   (no gloves)
MR       +....                  (no boots)
Stlth    +.........             (no amulet)
HPRegen  0.20/turn              v - ring of magical power
MPRegen  0.18/turn              l - ring of protection from fire

@: corroded, very slightly contaminated
A: no food or potions, fire vulnerability, cold resistance 1, negative energy
resistance 3, torment resistance, unbreathing
a: Renounce Religion


You were on level 7 of the Dungeon.
You worshipped Okawaru.
Okawaru was noncommittal.
You were not hungry.

You visited 2 branches of the dungeon, and saw 8 of its levels.

You collected 288 gold pieces.

Inventory:

Hand Weapons
 a - a +0 shortbow
 b - a +3 quarterstaff of chaos
 e - a +0 hand crossbow (weapon)
 o - a +0 mace
 y - a +1 flail of venom
Missiles
 d - 198 arrows
 t - 49 bolts (quivered)
Armour
 f - a +0 cloak (worn)
 x - a +3 ring mail (worn)
Jewellery
 j - an uncursed ring of protection from cold
 l - a ring of protection from fire (right hand)
 v - a ring of magical power (left hand)
Wands
 k - a wand of enslavement (10)
 s - a wand of flame (14)
 u - a wand of random effects (23)
Scrolls
 g - 3 scrolls of remove curse {!r}
 h - 2 scrolls of magic mapping {!r}
 i - 5 scrolls of teleportation {!r}
 m - a scroll of enchant armour {!r}
 n - 5 scrolls of amnesia {!r}
 p - a scroll of blinking {!r}
 q - 6 scrolls of identify {!r}
 r - a scroll of fog {!r}
 w - a scroll of summoning {!r}
Books
 c - a book of Debilitation

   Spells                             Type                      Level
   a - Corona                         Hexes                        1
   b - Slow                           Hexes                        2
   c - Inner Flame                    Hexes/Fire                   3
   d - Portal Projectile              Hexes/Translocation          3
   e - Cause Fear                     Hexes                        4
   f - Leda's Liquefaction            Hexes/Earth                  4


   Skills:
 + Level 4.1 Fighting
 * Level 6.0 Bows
 - Level 1.5 Armour
 - Level 1.5 Dodging
 - Level 4.0 Spellcasting
 + Level 3.9 Hexes


You had 5 spell levels left.
You knew the following spells:

 Your Spells              Type           Power        Failure   Level  Hunger
a - Corona                Hex            ##.....      9%          1    N/A
b - Cause Fear            Hex            ##........   63%         4    N/A
c - Portal Projectile     Hex/Tloc       #.....       50%         3    N/A
e - Slow                  Hex            ##......     13%         2    N/A

Dungeon Overview and Level Annotations

Branches:
Dungeon (7/15)             Temple (1/1) D:6

Altars:
Ashenzari
Elyvilon
Fedhas
Gozag
Kikubaaqudgha
Makhleb
Okawaru
Qazlal
Ru
Sif Muna
Trog
Uskayaw
Wu Jian
Xom
Yredelemnul
Zin
The Shining One


Innate Abilities, Weirdness & Mutations

You do not eat or drink.
Your flesh is vulnerable to fire.
You are immune to poison.
Your flesh is cold resistant. (rC+)
You are immune to negative energy. (rN+++)
You are immune to unholy pain and torment.
You can survive without breathing.


Message History

Press: ? - help, Shift-Dir - straight line, f - orc
Aim: an orc, wielding a hand axe of chopping and wearing a leather armour (chance to defeat MR: 64%)
You miscast Slow.
You are very lightly contaminated with residual magic.
The light around you dims momentarily.
Casting: Slow
Confirm with . or Enter, or press ? or * to list all spells.
Aiming: Corona
Press: ? - help, Shift-Dir - straight line, f/p - orc
Aim: an orc, wielding a hand axe of chopping and wearing a leather armour (chance to defeat MR: 64%)
The orc is outlined in light.
Casting: Corona
Confirm with . or Enter, or press ? or * to list all spells.
Aiming: Slow
Press: ? - help, Shift-Dir - straight line, f/p - orc
Aim: an orc, wielding a hand axe of chopping and wearing a leather armour (softly glowing, chance to defeat MR: 64%)
The orc seems to slow down.
Firing (i - inventory):
t - 51 bolts (quivered)
Press: ? - help, Shift-Dir - straight line, f/p - orc
Aim: an orc, wielding a hand axe of chopping and wearing a leather armour (slow, softly glowing)
You shoot a bolt.
The bolt hits the orc but does no damage.
Firing (i - inventory):
t - 50 bolts (quivered)
Press: ? - help, Shift-Dir - straight line, f/p - orc
Aim: an orc, wielding a hand axe of chopping and wearing a leather armour (slow, softly glowing)
You shoot a bolt. The bolt hits the orc!
You kill the orc!
Okawaru accepts your kill.
No target in view!
No target in view!
The orc wizard is too close now for your liking.
An orc wizard is nearby!
Casting: Slow
Confirm with . or Enter, or press ? or * to list all spells.
Aiming: Slow
Press: ? - help, Shift-Dir - straight line, f - orc wizard
Aim: an orc wizard, wielding a dagger and wearing a robe (chance to defeat MR: 47%)
The orc wizard resists with some effort.
Casting: Slow
Confirm with . or Enter, or press ? or * to list all spells.
Aiming: Corona
Press: ? - help, Shift-Dir - straight line, f/p - orc wizard
Aim: an orc wizard, wielding a dagger and wearing a robe (chance to defeat MR: 47%)
The orc wizard resists with significant effort.
The orc wizard points at you and mumbles some strange words.
The magic dart hits you!
Casting: Corona
Confirm with . or Enter, or press ? or * to list all spells.
Aiming: Slow
Press: ? - help, Shift-Dir - straight line, f/p - orc wizard
Aim: an orc wizard, wielding a dagger and wearing a robe (chance to defeat MR: 47%)
The orc wizard resists with some effort.
The orc wizard zaps a wand.
The bolt of acid hits you! The acid corrodes you!
You are splashed with acid!
The acid burns!
* * * LOW HITPOINT WARNING * * *
It is a wand of acid (5).
Casting: Slow
Confirm with . or Enter, or press ? or * to list all spells.
Aiming: Corona
Press: ? - help, Shift-Dir - straight line, f/p - orc wizard
Aim: an orc wizard, wielding a dagger, wearing a robe and carrying a wand of acid (5) (chance to defeat MR: 47%)
You miscast Corona.
You feel off-balance for a moment.
The orc wizard zaps a wand.
The bolt of acid hits you!
You die...

#........
#....... #......
#.....# ####
#.....# #
.....#.....#.###
................
..o..((@........
#########.######
#<).....<.#
######.#..#
#.#..# #.#..#
#.#..# .....#
#.#...


You could see an orc wizard.

Vanquished Creatures
  3 ogres
  A scorpion (D:6)
  A howler monkey (D:4)
  A centaur skeleton (D:6)
  2 orc priests (D:5)
  Crazy Yiuf (D:2)
  3 hounds
  A jelly (D:6)
  A bullfrog skeleton (D:4)
  5 orc wizards
  5 worker ants
  A worker ant zombie (D:5)
  8 adders
  A shadow imp (D:5)
  2 oozes
  3 adder skeletons
  4 worms
  3 dart slugs
  5 leopard geckos
  14 orcs
  2 ball pythons
  5 giant cockroaches
  5 goblins
  6 hobgoblins
  6 jackals
  2 quokkas (D:3)
  11 bats
  6 frilled lizards
  4 kobolds
  A leopard gecko skeleton (D:7)
  6 rats
  A fungus (D:2)
120 creatures vanquished.

Notes
Turn   | Place    | Note
-------+----------+-------------------------------------------
     0 | D:1      | Amnesiac the Mummy Arcane Marksman began the quest for the Orb.
     0 | D:1      | Reached XP level 1. HP: 15/15 MP: 2/2
   103 | D:1      | Reached skill level 1 in Armour
   374 | D:1      | Reached XP level 2. HP: 21/21 MP: 2/4
   387 | D:1      | Learned a level 2 spell: Slow
   631 | D:1      | Reached XP level 3. HP: 27/27 MP: 5/5
   883 | D:2      | Found a shattered altar of Ashenzari.
   905 | D:2      | Reached skill level 2 in Bows
  1390 | D:2      | Found a glowing golden altar of the Shining One.
  1399 | D:2      | Reached XP level 4. HP: 32/33 MP: 6/6
  1886 | D:2      | Found a runed door.
  1897 | D:2      | Noticed Crazy Yiuf
  1974 | D:2      | Killed Crazy Yiuf
  1974 | D:2      | Reached skill level 3 in Bows
  2969 | D:4      | Reached XP level 5. HP: 23/38 MP: 7/7
  2971 | D:4      | Reached skill level 4 in Bows
  3385 | D:4      | Reached XP level 6. HP: 38/45 MP: 6/8
  3894 | D:5      | Entered Level 5 of the Dungeon
  4380 | D:5      | Reached XP level 7. HP: 43/52 MP: 3/11
  4593 | D:5      | Reached skill level 5 in Bows
  4599 | D:5      | Learned a level 4 spell: Cause Fear
  4603 | D:5      | Learned a level 3 spell: Portal Projectile
  5636 | D:6      | Found a staircase to the Ecumenical Temple.
  5663 | Temple   | Entered the Ecumenical Temple
  5908 | Temple   | Became a worshipper of Warmaster Okawaru
  5965 | D:6      | Reached XP level 8. HP: 50/60 MP: 14/14
  6393 | D:7      | Reached skill level 6 in Bows
  6441 | D:7      | Killed from afar by an orc wizard

Vault maps used:
D:1:      roderic_chinese_lattice_arrival
D:2:      old_standard_altar, serial_park_tiny_1, evilmike_ruin_ashenzari,
          uniq_crazy_yiuf_cottage
D:3:      hex_large
D:5:      first_bread
D:6:      temple_statues
Temple:   regret_index_temple_generic_petals

Skill      XL: |  1  2  3  4  5  6  7  8 |
---------------+-------------------------+-----
Armour         | 1 |  1.5
Fighting       | 2 3 4 |  4.1
Bows           | 2 3 4 5 6 |  6.0
Spellcasting   | 2 4 |  4.0
Hexes          | 3 |  3.9
Dodging        | |  1.5

Action                   |  1- 3 |  4- 6 |  7- 9 || total
-------------------------+-------+-------+-------++-------
Melee: Unarmed           |    11 |       |       ||    11
       Quarterstaff      |       |    93 |    79 ||   172
       Mace              |       |    12 |       ||    12
 Fire: Shortbow          |   113 |    20 |       ||   133
       Hand crossbow     |       |       |    60 ||    60
 Cast: Corona            |    23 |    34 |    41 ||    98
       Slow              |     3 |    16 |    32 ||    51
  Use: Scroll            |       |     6 |     3 ||     9
 Stab: Paralysed         |       |     1 |       ||     1
Armor: Robe              |    26 |    11 |       ||    37
       Ring mail         |       |     6 |    52 ||    58
Dodge: Dodged            |    58 |    62 |    83 ||   203

Table legend:
 A = Spawn XP
 B = Non-spawn XP
 C = Spawn XP percentage of total XP
 D = Spawn monster count
 E = Non-spawn monster count
 F = Spawn count percentage of total count
 G = Total turns spent on level
                    A         B        C        D         E        F      G
               +---------+---------+-------+---------+---------+-------+---------
         Total |       0 |    1580 |   0.0 |       0 |     119 |   0.0 |  6441
               +---------+---------+-------+---------+---------+-------+---------
           D:1 |       0 |      43 |   0.0 |       0 |      21 |   0.0 |   897
           D:2 |       0 |     101 |   0.0 |       0 |      23 |   0.0 |  1365
           D:3 |       0 |      23 |   0.0 |       0 |      13 |   0.0 |   745
           D:4 |       0 |     594 |   0.0 |       0 |      19 |   0.0 |  1376
           D:5 |       0 |     515 |   0.0 |       0 |      29 |   0.0 |  1173
           D:6 |       0 |     172 |   0.0 |       0 |       7 |   0.0 |   504
           D:7 |       0 |     132 |   0.0 |       0 |       7 |   0.0 |   104
               +---------+---------+-------+---------+---------+-------+---------
